[Event "*** Titled Tuesday Blitz"]
[Site "Chess.com"]
[Date "2020.05.05"]
[Round "3"]
[White "Michaelson_11"]
[Black "RobPeresian"]
[Result "0-1"]
[WhiteElo "1989"]
[BlackElo "2286"]
[TimeControl "180+1"]
[EndTime "10:31:38 PDT"]
[Termination "RobPeresian won by resignation"]

1. e4 c5 2. Nf3 d6 3. d4 cxd4 4. Nxd4 Nf6 5. Nc3 a6 6. Nb3 e6 7.
g4 Qc7 8. Bg2 h6 9. Qe2 Nc6 10.
f4 Bd7 11. Be3 Na5 12. Nxa5 Qxa5 13. O-O-O O-O-O 14. h4 Bc6 15. g5 hxg5 16. hxg5 Rxh1 17. Rxh1 Nd7 18. a3 g6 19. Rh7 e5 20. Rxf7 exf4 21. Bxf4 Ne5 22. Qf1 Qc5 23. Bxe5 dxe5 24. Kb1 Be7 25.
Bh3+ Kb8 26. Qf2 Qxf2 27. Rxf2 Bxg5 28. Rg2 Bd2 29. Rxg6 Bxc3 30. bxc3 Bxe4 31. Re6 Rd2 32. Rxe5 Bxc2+ 33. Kc1 Rh2 34. Be6 Bd3 35. Bb3 Bb5 36.
Rg5 Bc6 37. Rg8+ Ka7 38. Rd8 Kb6 39. Rd2 Rh3 40. Kb2 Rg3 41. a4 Kc5 42. Rf2 Rg4 43.
Rf5+ Kb6 44. Ka3 a5 45. Re5 Rg3 46. Kb2 Rg4 47. c4 Rg3 48. Re2 Rf3 49. Rd2 Kc5 50.
Ka3 Be4 51. Re2 Bd3 52. Re5+ Kd4 53. Rd5+ Kc3 54. Rxa5 Bc2 55. Bxc2 Kxc2+ 56. Kb4 Rb3+ 57. Kc5 b6+ 58. Kc6 bxa5 59. c5 Kb2 60. Kc7 Ka3 61. c6 Kxa4 62. Kc8 Rc3 63. c7 Kb4 64. Kb7 Rxc7+ 65. Kxc7 a4 66. Kb7 a3 0-1

[Event "*** Titled Tuesday Blitz"]
[Site "Chess.com"]
[Date "2020.05.05"]
[Round "3"]
[White "Opening_Prep"]
[Black "Haykoooo0o"]
[Result "1/2-1/2"]
[WhiteElo "2323"]
[BlackElo "2523"]
[TimeControl "180+1"]
[EndTime "10:31:39 PDT"]
[Termination "Game drawn - insufficient material"]

1. d4 Nf6 2. Nc3 d5 3. Bf4 e6 4.
e3 Bd6 5. Nf3 O-O 6. Bd3 Bxf4 7.
exf4 c5 8. dxc5 Qc7 9. Ne2 Qxc5 10.
O-O Nc6 11. c3 b6 12. Ned4 Bb7 13. Qe2 Rfe8 14. Rfe1 Qd6 15. g3 a6 16. Rad1 b5 17. a3 Rac8 18. h4 Qe7 19. Nxc6 Bxc6 20. f5 Qd6 21. fxe6 fxe6 22. Qe5 Qxe5 23. Nxe5 Nd7 24. f4 Nxe5 25. Rxe5 Bd7 26. Kf2 Rf8 27. Ke3 a5 28. Kd4 Rc7 29. Rde1 Rb8 30. f5 exf5 31. Rxd5 Rf8 32.
Re7 Rf7 33. Rxf7 Kxf7 34. Bxf5 Rc4+ 35. Kd3 Bc6 36. Rd4 Rc5 37. Rf4 g6 38. Bg4+ Ke7 39. b4 Rd5+ 40. Rd4 axb4 41. axb4 Re5 42. c4 bxc4+ 43. Kxc4 Bb5+ 44. Kc3 Re3+ 45. Kd2 Rxg3 46.
h5 g5 47. h6 Kf6 48. Bd1 Ke5 49. Rd8 Rh3 50. Rb8 Bc4 51. Rc8 Be6 52. Rc5+ Kf4 53. b5 Rh2+ 54. Kc3 Rh1 55. Bc2 Rh3+ 56. Kd4 Bg4 57. b6 Rh2 58. b7 Rd2+ 59. Kc3 Rd8 60. Bxh7 Bf3 61. Rf5+ Kg3 62. Rf7 Rb8 63. Bg6 Bxb7 64.
h7 Bf3 65. Rg7 Bd5 66. Rg8 Rxg8 67. hxg8=Q Bxg8 68. Kd4 Kf4 69. Bh5 Be6 70. Kd3 Bg4 71.
Bf7 Kf3 72. Kd2 Kf2 73. Bg6 Bf3 74. Bf5 Bd5 75. Bg4 Bf3 76. Bf5 Bg2 77. Bg4 Be4 78. Be6 Bc6 79. Bg4 Be8 80. Be6 Bh5 81. Bf5 Bf3 82.
Be6 Kg3 83. Bf5 Bg4 84. Bg6 Be6 85. Bh5 Kh4 86. Be2 g4 87. Bxg4 1/2-1/2

[Event "*** Titled Tuesday Blitz"]
[Site "Chess.com"]
[Date "2020.05.05"]
[Round "3"]
[White "vpsetter"]
[Black "A-Fier"]
[Result "1-0"]
[WhiteElo "2604"]
[BlackElo "2779"]
[TimeControl "180+1"]
[EndTime "10:31:41 PDT"]
[Termination "vpsetter won by resignation"]

1. e4 c5 2. Nf3 e6 3. d4 cxd4 4.
Nxd4 Nc6 5. Nc3 Qc7 6. Be3 a6 7.
a3 b5 8. Nxc6 Qxc6 9. Be2 Bb7 10.
Qd3 Qd6 11. O-O-O Qxd3 12. cxd3 Nf6 13. f4 Be7 14. Bf3 O-O-O 15. Bb6 Rdg8 16. h4 h5 17. b4 Ng4 18. Kb2 Bd8 19. Bxd8 Kxd8 20. Bxg4 hxg4 21. g3 Ke7 22. Rhe1 f6 23. d4 g5 24.
hxg5 fxg5 25. fxg5 Rh3 26. Re3 Rxg5 27. Rf1 Rh2+ 28.
Ne2 Rg8 29. Rf4 Rg2 30. Kb3 Rh8 31. Nc1 Rc8 32. Nd3 d6 33. Rxg4 Rf8 34. Rg7+ Rf7 35. Rxf7+ Kxf7 36. Nf4 Rg1 37. d5 e5 38. Ne6 Bc8 39. Rf3+ Ke7 40. Ng5 Bd7 41. Rf7+ Ke8 42. Rf3 Bg4 43. Rc3 Kd7 44. Nh7 Be2 45. Nf6+ Ke7 46. Ng8+ Kf7 47. Nh6+ Kg6 48. Nf5 Kf6 49. Nxd6 Rg2 50. Kb2 Bf3+ 51. Kc1 Rxg3 52. Rc6 Kg5 53. Rxa6 Kf4 54. Rc6 Ke3 55. Rc3+ Kd4 56. Rc2 Rg1+ 57. Kb2 Kd3 58. Rc3+ Ke2 59. Nxb5 Bxe4 60. d6 Rb1+ 61. Ka2 Rd1 62. Rc5 Ke3 63. Rxe5 Rd2+ 64. Kb3 Kf4 65. Re7 Bc6 66. Nc3 Rxd6 67. b5 Bd7 68. a4 Kf5 69. Re3 Rb6 70. Kb4 Rd6 71. Kc5 Rd2 72.
Nd5 Rc2+ 73. Rc3 Rb2 74. Kd6 Be8 75. Rc5 Ke4 76. Nf6+ Kd4 77. Nxe8 Rb4 78. Nc7 Rxa4 79. Ne6+ Ke4 80. b6 Rb4 81. Kc7 Rb3 82. b7 1-0

[Event "*** Titled Tuesday Blitz"]
[Site "Chess.com"]
[Date "2020.05.05"]
[Round "3"]
[White "Harut-1998"]
[Black "chegueps"]
[Result "1-0"]
[WhiteElo "2726"]
[BlackElo "2519"]
[TimeControl "180+1"]
[EndTime "10:31:42 PDT"]
[Termination "Harut-1998 won by resignation"]

1. d4 Nf6 2. c4 g6 3. Nc3 Bg7 4. Nf3 d6 5. Bg5 O-O 6. e3 a5 7. h3 Nbd7 8. Be2 c6 9. O-O Qc7 10. Qc2 e5 11. dxe5 dxe5 12. Na4 Re8 13. Rfd1 Nf8 14. Rac1 Ne6 15. Bh4 Nd7 16. c5 Bf8 17. Nb6 Nxb6 18. cxb6 Qxb6 19. Nxe5 Qc5 20. Ng4 Qxc2 21.
Rxc2 Bg7 22. Nf6+ Bxf6 23. Bxf6 Nc7 24. Rcd2 Be6 25. a3 Bb3 26. Rc1 Nd5 27. Bd4 a4 28.
Bf3 Rad8 29. Bc5 Nc7 30. Rxd8 Rxd8 31. Bb4 Ne6 32. h4 h5 33. Be7 Rd7 34. Bf6 Kf8 35. Kh2 Ke8 36. g4 hxg4 37. Bxg4 Rd2 38. Kg3 Kd7 39. h5 gxh5 40. Bxh5 Nc7 41. Bc3 Rd6 42. Rh1 Nb5 43. Be5 Rd2 44. Bg4+ Be6 45. Rd1 Rxd1 46. Bxd1 Bb3 47. Be2 Ke6 48. Kf4 f6 49. Bb8 Nd6 50. Bg4+ Ke7 51. Ba7 Nc4 52. Bc5+ Kf7 53.
Bd4 Nd2 54. Bc8 Nc4 55. Bxb7 Na5 56. Ba8 Bd5 57. Bc3 Nc4 58. e4 Be6 59. Bxc6 Nb6 60. Bd4 Nc4 61. Bxa4 Nd6 62. Bc6 Nc4 63. Bd5 Nd2 64.
Bxe6+ Kxe6 65. a4 Nb3 66. Be3 Na5 67. b4 Nc4 68. a5 Nd6 69. Bc5 Nb5 70. a6 Nc7 71. a7 Na8 72. b5 Kd7 73. b6 Kc8 74.
Be3 Kb7 75. e5 fxe5+ 76. Kxe5 Kc8 77. f4 Kb7 78. f5 Ka6 79. f6 Kb7 80. f7 Nxb6 81.
Bxb6 Ka8 82. f8=Q+ Kb7 83. a8=Q+ 1-0

[Event "*** Titled Tuesday Blitz"]
[Site "Chess.com"]
[Date "2020.05.05"]
[Round "3"]
[White "abhidabhi"]
[Black "Mili_Brizzi"]
[Result "1-0"]
[WhiteElo "2767"]
[BlackElo "2442"]
[TimeControl "180+1"]
[EndTime "10:31:47 PDT"]
[Termination "abhidabhi won by resignation"]

1. e4 e5 2. Nf3 Nc6 3. Bc4 Nf6 4. d3 Be7 5. O-O O-O 6. h3 d6 7. a4 Be6 8. Nbd2 Qd7 9. Re1 a6 10. c3 h6 11. a5 Rfe8 12. Nf1 Bf8 13. Ng3 d5 14. exd5 Bxd5 15. Bxd5 Qxd5 16. Ne4 Be7 17. Qc2 Rad8 18. Nxf6+ Bxf6 19. Re3 Re6 20. b4 Nxb4 21. cxb4 e4 22. Bb2 exf3 23. Rxf3 Bxb2 24. Qxb2 Rde8 25.
Rg3 f6 26. Rc1 c6 27. Kh2 Qd6 28. Rc2 Re1 29. Qb3+ Qe6 30. Qc3 Qe5 31. Qc4+ Qe6 32. Qf4 Kh7 33. h4 Re7 34. h5 Qe5 35. Qg4 Qg5 36.
Qh3 Qe5 37. d4 Qd5 38. Qg4 Qg5 39. Qf3 Qd5 40. Qxd5 cxd5 41. Rc5 Rd7 42. Re3 Rd1 43. Re8 g6 44. hxg6+ Kxg6 45. Rg8+ Kf5 46. Rh8 Rxd4 47. Rxh6 Rxb4 48. Rh5+ Ke6 49. Rh6 d4 50. Rc1 d3 51.
Re1+ Kf5 52. Rh5+ Kg6 53. Rc5 d2 54. Rd1 Rbd4 55. Rc2 Kf5 56. Kg3 R7d5 57. f3 Rxa5 58. Rdxd2 Rxd2 59. Rxd2 Rb5 60. Rd4 b6 61. Kh4 a5 62.
g4+ Kg6 63. f4 Rb4 64. f5+ Kf7 65.
Rd7+ Kf8 66. Ra7 a4 67. Kh5 a3 68. Rxa3 b5 69. Ra6 Kf7 70. Ra7+ Kf8 71. g5 Rf4 72. Kg6 fxg5 73. f6 Ke8 74. f7+ Kf8 75. Ra8+ Ke7 76. Re8+ Kd7 77. f8=Q Rxf8 78. Rxf8 Kc6 79. Rf5 b4 80. Kxg5 b3 81. Rf3 Kc5 82. Rxb3 Kc4 83. Re3 1-0

[Event "*** Titled Tuesday Blitz"]
[Site "Chess.com"]
[Date "2020.05.05"]
[Round "3"]
[White "heyiampotato"]
[Black "mishikomchedlishvili"]
[Result "0-1"]
[WhiteElo "2544"]
[BlackElo "2842"]
[TimeControl "180+1"]
[EndTime "10:32:14 PDT"]
[Termination "mishikomchedlishvili won by checkmate"]

1. d4 d6 2. Nf3 g6 3. c4 Bg7 4. Nc3 Bg4 5. e3 Nf6 6. Be2 O-O 7. h3 Bf5 8. O-O Re8 9. Ng5 e5 10. d5 e4 11. h4 h6 12. g4 Nxg4 13. Bxg4 hxg5 14.
Bxf5 gxf5 15. Qh5 gxh4 16. Kh1 Qf6 17. Rg1 Nd7 18. Nb5 Re5 19. Bd2 f4 20. Qg4 Re7 21. exf4 Qg6 22. Bc3 Qxg4 23. Rxg4 f5 24. Rg5 Kf8 25.
Nxc7 Bxc3 26. Nxa8 Bxb2 27. Rb1 Bd4 28. Nc7 Nc5 29.
Ne6+ Nxe6 30. dxe6 Bxf2 31. Rxf5+ Ke8 32. Kg2 e3 33.
Kf3 Rxe6 34. Ke2 b6 35. Rh5 Kd7 36. Rh7+ Kc6 37. Rxa7 Re4 38. Ra4 Rd4 39. f5 Rf4 40.
Rxb6+ Kc7 41. Rba6 h3 42. Ra7+ Kc6 43. R7a6+ Kd7 44.
Ra7+ Kc6 45. R7a6+ Kc5 46. R6a5+ Kb6 47. Ra6+ Kb7 48. Ra7+ Kc8 49. Ra8+ Kd7 50. R4a7+ Kc6 51. Ra6+ Kc5 52. Ra5+ Kd4 53. Rd5+ Kxc4 54. Rxd6 h2 55. Ra4+ Kc5 56. Rh6 Rxa4 57. Rxh2 Rxa2+ 58. Kf3 Ra1 59. Rh5 Ra6 60. f6+ Kd6 61. f7 Ke7 62. Rf5 Kf8 63. Ke2 Ra7 64. Rf3 Rxf7 65. Rh3 Rd7 66.
Rh8+ Ke7 67. Rb8 Rd2+ 68. Kf3 Rd6 69. Rb4 Ke6 70. Re4+ Kd5 71. Re8 Rf6+ 72. Ke2 Re6 73. Ra8 Ke5 74. Ra5+ Kf6 75. Ra4 Rd6 76. Rf4+ Ke5 77.
Rf8 Rd2+ 78. Kf3 Kd4 79. Rd8+ Kc3 80. Rc8+ Kd3 81. Rd8+ Kc2 82. Rc8+ Kd1 83. Ra8 Rc2 84. Ra1+ Kd2 85. Ra8 e2 86. Rd8+ Ke1 87. Re8 Rc3+ 88. Kg2 Be3 89. Kf3 Bd2+ 90. Kg2 Kd1 91. Re6 e1=R 92. Rxe1+ Kxe1 93. Kh2 Kf2 94. Kh1 Rh3# 0-1

[Event "*** Titled Tuesday Blitz"]
[Site "Chess.com"]
[Date "2020.05.05"]
[Round "3"]
[White "MarcoRiehle"]
[Black "DivyaDeshmukh23"]
[Result "1-0"]
[WhiteElo "2614"]
[BlackElo "2395"]
[TimeControl "180+1"]
[EndTime "10:32:14 PDT"]
[Termination "MarcoRiehle won by resignation"]

1. e4 c5 2. a3 d6 3. b4 Nc6 4. b5 Nb8 5. Bb2 Nf6 6. d3 g6 7. h4 h5 8. Nf3 Bg7 9. Ng5 O-O 10. Be2 a6 11. c4 axb5 12. cxb5 Qa5+ 13. Nd2 Qxb5 14. Rb1 Qa5 15. O-O Nc6 16. Nc4 Qc7 17. Nb6 Ra7 18. Nd5 Nxd5 19. Bxg7 Kxg7 20. exd5 Nd4 21.
Re1 Bf5 22. a4 Rfa8 23. Bxh5 gxh5 24. Qxh5 Bg6 25. Qg4 Rh8 26. Re3 Rxa4 27. Rbe1 Rxh4 28. Qd1 Nf5 29. Rf3 Raf4 30. Qa1+ Nd4 31. Rfe3 Qd8 32. g3 Rfg4 33. Nf3 Rh3 34. Kg2 Qh8 35. Rxe7 Kf8 36.
Re8+ Kg7 37. Rxh8 Rxh8 38. Nxd4 Rxd4 39. Re7 Bxd3 40. Rxb7 Be4+ 41. f3 Bxd5 42. Re7 Kf6 43. Re2 Kg6 44. Qb1+ Kg7 45. Qb2 Kg6 46. Qc2+ Kg7 47.
Qc3 Rh6 48. Rd2 Rf6 49. Rxd4 cxd4 50. Qxd4 Bxf3+ 51. Kf2 d5 52. Ke3 Be4 53. Qe5 Kg6 54.
g4 Rf3+ 55. Ke2 Rf6 56. Qh5+ Kg7 57. Qg5+ Rg6 58. Qe5+ Kg8 59. g5 Re6 60. Qb8+ Kg7 61. Kf2 Kg6 62. Qg8+ Kf5 63. Qxf7+ Ke5 64. Kg3 Rg6 65.
Kg4 d4 66. Qf4+ Kd5 67. Qf7+ Ke5 68. Qe7+ Kd5 69. Kf4 Re6 70. Qb7+ Rc6 71. Qd7+ Rd6 72. Qb5+ Ke6 73. Kxe4 d3 74. Qb3+ Ke7 75. Qd1 d2 76. Kf5 Kf7 77. g6+ Rxg6 78. Qxd2 Rf6+ 79. Kg5 Rg6+ 80. Kh5 Rf6 81. Qd7+ Kf8 82. Kg5 Rf2 83. Qd8+ Kg7 84. Qc7+ Kg8 85. Qc4+ Kg7 86. Qd4+ 1-0

[Event "*** Titled Tuesday Blitz"]
[Site "Chess.com"]
[Date "2020.05.05"]
[Round "3"]
[White "Maybe00"]
[Black "swisspower96"]
[Result "1-0"]
[WhiteElo "2810"]
[BlackElo "2604"]
[TimeControl "180+1"]
[EndTime "10:32:27 PDT"]
[Termination "Maybe00 won by resignation"]

1. d4 Nf6 2. c4 e6 3. Nf3 d5 4.
Nc3 Bb4 5. cxd5 exd5 6. Bg5 h6 7. Bh4 O-O 8. e3 Bf5 9. Qb3 Bxc3+ 10. bxc3 c5 11.
dxc5 Nbd7 12. Be2 Nxc5 13. Qb4 Rc8 14. O-O Re8 15. Rfd1 g5 16. Bg3 a5 17. Qa3 Qb6 18.
c4 dxc4 19. Rd6 Rc6 20. Rxc6 Qxc6 21. Nd4 Qd5 22. Bxc4 Qxc4 23. Nxf5 Nce4 24. Qxa5 Kh7 25. Nd4 Qd5 26. Qc7 Qd7 27. Qc2 Rc8 28. Qb2 Qd5 29. f3 Nxg3 30. hxg3 Qe5 31. Kf2 Nd5 32. Re1 Re8 33.
Qd2 g4 34. Qd3+ Kg8 35. Qf5 h5 36. Qxe5 Rxe5 37. a3 Nc3 38. Rc1 Nd5 39. Rc5 b6 40.
Rb5 f6 41. e4 Nc3 42. Rxe5 fxe5 43. Nc6 Nb1 44. Nxe5 Nxa3 45. Nd7 b5 46. Nf6+ Kf7 47. Nxh5 b4 48. Nf4 b3 49. Nd3 Nc4 50. Ke2 b2 51. Nxb2 Nxb2 52. Ke3 Kf6 53. Kf4 gxf3 54. gxf3 Nd3+ 55.
Ke3 Ne5 56. f4 Ng4+ 57. Kf3 Nh2+ 58. Kg2 Ng4 59. Kf3 Nh2+ 60. Kf2 Ng4+ 61. Kg2 Ke6 62. Kf3 Nh2+ 63. Ke3 Nf1+ 64. Kf2 Nh2 65. Kg2 Ng4 66. e5 Kf5 67. Kh3 Nf2+ 68. Kh4 Nd3 69. g4+ Kxf4 70. e6 Ne1 71. e7 Nf3+ 72. Kh3 Ng5+ 73.
Kg2 Kxg4 74. e8=Q Kf4 75. Qa4+ Kf5 76. Kg3 Ne4+ 77. Kf3 Ng5+ 78. Ke3 Ne6 79. Qa5+ Kf6 80. Ke4 Ng5+ 81. Kf4 Ne6+ 82. Kg4 Ke7 83. Qa6 Kf6 84. Qb6 Ke5 85. Qb2+ Nd4 86. Kg5 Ke4 87. Qb7+ Ke5 88. Qe7+ Ne6+ 89. Kg6 Kd5 90. Kf6 Nd4 91. Qd7+ Ke4 92.
Qg4+ Kd3 93. Ke5 Ne2 94. Qe4+ Kd2 95. Qa4 Nc3 96. Qb4 Kd3 97. Qh4 Ne2 98. Qh3+ Kd2 99. Ke4 Nc3+ 100. Kf4 Ne2+ 101. Ke5 Nc3 102. Qh6+ Kd3 103. Qg6+ Kd2 104. Kd4 Ne2+ 105. Kc4 Ke3 106. Qe6+ Kf3 107. Qf6+ Nf4 108. Kd4 Kg4 109. Ke4 Nh5 110. Qf5+ Kh4 111. Kf3 Nf6 112. Qxf6+ Kh5 113. Qg7 1-0

[Event "*** Titled Tuesday Blitz"]
[Site "Chess.com"]
[Date "2020.05.05"]
[Round "3"]
[White "lupta_robin"]
[Black "johnathan113"]
[Result "1/2-1/2"]
[WhiteElo "2505"]
[BlackElo "2724"]
[TimeControl "180+1"]
[EndTime "10:32:46 PDT"]
[Termination "Game drawn - insufficient material"]

1. e4 c5 2. b3 g6 3. Bb2 Nf6 4. g3 Bg7 5. Bg2 O-O 6. d3 Nc6 7. Nd2 d6 8. Ne2 Bg4 9. h3 Bd7 10. O-O Qc8 11. Kh2 b5 12. a4 a6 13. axb5 axb5 14.
Rxa8 Qxa8 15. Qb1 Qa5 16. Nf3 e5 17. Qa1 Ra8 18. Qxa5 Rxa5 19. Ra1 Rxa1 20. Bxa1 Nb4 21. Ne1 Ne8 22. Bc3 Nc6 23. Bd2 Nc7 24. f4 Ne6 25.
Nc3 Ned4 26. Nd5 Kf8 27. Kg1 h5 28. Kf2 Bh6 29. Be3 Bg7 30. Bd2 Ke8 31. Be3 Kd8 32. fxe5 Bxe5 33. Bg5+ Kc8 34. Bf4 Kb7 35. Bxe5 Nxe5 36.
Ke3 Ka6 37. b4 Nec6 38. c3 Ne6 39. Nc2 Ne5 40. Bf1 Ng5 41. h4 Ng4+ 42. Kd2 Nf3+ 43.
Ke2 Nfe5 44. Bg2 f5 45. d4 cxd4 46. Nxd4 Nh6 47. Ne7 fxe4 48. Bxe4 Bg4+ 49. Kf2 Nhf7 50.
Nxg6 Nc4 51. Bd5 Nfe5 52. Nxe5 dxe5 53. Nf3 Nb2 54. Nh2 Nd1+ 55. Ke1 Nxc3 56. Nxg4 Nxd5 57. Nxe5 Nxb4 58. g4 hxg4 59. Nxg4 Nd5 60. h5 b4 61. h6 b3 62. h7 b2 63. h8=Q b1=Q+ 64. Kf2 Qc2+ 65. Kg3 Qd3+ 66. Kh4 Nb6 67. Qa1+ Kb5 68. Qb2+ Ka6 69. Qa2+ Kb7 70. Qf7+ Ka6 71. Qf4 Qh7+ 72. Qh6 Qg8 73. Qg5 Qh8+ 74. Qh6 Qc8 75. Qg5 Qd7 76. Qf4 Nd5 77. Qf1+ Kb6 78. Qf2+ Kc7 79. Qg3+ Kb7 80. Qe5 Qh7+ 81. Kg3 Qd3+ 82. Kh4 Qd2 83. Qg7+ Kc6 84. Qe5 Kc5 85. Qe6 Kd4 86. Qe5+ Kc5 87.
Qe6 Qd1 88. Qc8+ Kd4 89. Qf5 Qh1+ 90. Kg5 Qc1+ 91. Kh5 Qc7 92. Qf2+ Ke4 93. Qe2+ Kf4 94. Qd2+ Kg3 95. Qxd5 Qh7+ 96. Nh6 Qc2 97. Qg5+ Kf3 98.
Nf5 Qh2+ 99. Nh4+ Ke2 100. Qg4+ Ke1 101. Kg5 Qe2 102. Nf3+ Kf2 103. Qd4+ Kxf3 104. Qf4+ Kg2 105. Qg4+ Qxg4+ 106.
Kxg4 1/2-1/2

[Event "*** Titled Tuesday Blitz"]
[Site "Chess.com"]
[Date "2020.05.05"]
[Round "3"]
[White "RianKapriaga"]
[Black "Barbus89"]
[Result "0-1"]
[WhiteElo "2137"]
[BlackElo "2339"]
[TimeControl "180+1"]
[EndTime "10:33:07 PDT"]
[Termination "Barbus89 won by checkmate"]

1. d4 Nf6 2. Nf3 e6 3. Bf4 b6 4. e3 Bb7 5. Be2 d6 6. Nc3 Be7 7. O-O O-O 8. Bc4 a6 9. a4 c5 10.
d5 e5 11. Bg3 Nh5 12. Nd2 Nxg3 13. hxg3 Nd7 14. e4 Nf6 15. Be2 g6 16. Nc4 b5 17.
axb5 axb5 18. Rxa8 Qxa8 19. Nxb5 Nxe4 20. Bf3 Qa4 21.
Nba3 Nf6 22. Ne3 Qa8 23. c4 Ba6 24. b3 Rb8 25. Nb1 Bc8 26. Nd2 Qa2 27. Qc2 Ra8 28. Rc1 Bd8 29. Ne4 Qxc2 30. Rxc2 Nxe4 31. Bxe4 f5 32. Bf3 Ra1+ 33. Bd1 Bf6 34. Rd2 e4 35. Nf1 Bc3 36. Rc2 Bd4 37. Be2 Ra3 38.
Kh2 Rxb3 39. Ra2 Rb2 40. Rxb2 Bxb2 41. Ne3 Bd4 42. Kg1 Bxe3 43. fxe3 Kg7 44. Kf1 Kf6 45. Bd1 Ke5 46. Bb3 Ba6 47. Ke2 g5 48. Kd2 f4 49.
gxf4+ gxf4 50. Ba2 f3 51. gxf3 exf3 52. Ke1 Kf5 53.
Kf2 Kg4 54. e4 h5 55. e5 dxe5 56. d6 Bc8 57. Bb1 Bd7 58. Be4 Kf4 59. Bxf3 h4 60.
Bd5 e4 61. Ke2 h3 62. Kf2 e3+ 63. Ke2 h2 64. Bh1 Be6 65. Kd3 Bd7 66. Ke2 Bg4+ 67. Kd3 Bf3 68. d7 Bxh1 69. d8=Q Be4+ 70. Kc3 h1=Q 71.
Qf6+ Kg3 72. Qg5+ Kf2 73. Qf4+ Qf3 74. Qh4+ Ke2 75. Qh2+ Qf2 76. Qh5+ Bf3 77. Qxc5 Ke1 78. Kb3 Qd2 79. Qf5 Qd1+ 80. Kb4 e2 81. Qxf3 Qd2+ 82. Kb5 Kd1 83. c5 Kc1 84. Qa3+ Qb2+ 85. Qxb2+ Kxb2 86. c6 e1=Q 87. Kb6 Qe3+ 88. Kb7 Qb3+ 89.
Ka7 Qa4+ 90. Kb7 Qb5+ 91. Kc7 Kc3 92. Kd6 Qb6 93. Kd7 Qd4+ 94. Kc8 Qh8+ 95. Kb7 Qh1 96. Kb6 Qb1+ 97. Ka7 Qa2+ 98. Kb8 Qb3+ 99. Kc8 Kc4 100. c7 Kb5 101. Kd8 Qd5+ 102. Ke7 Qc5+ 103. Kd8 Qd6+ 104. Kc8 Kb6 105. Kb8 Qxc7+ 106. Ka8 Qa7# 0-1

[Event "*** Titled Tuesday Blitz"]
[Site "Chess.com"]
[Date "2020.05.05"]
[Round "3"]
[White "bait_or_mate"]
[Black "Volovier"]
[Result "1-0"]
[WhiteElo "2530"]
[BlackElo "2710"]
[TimeControl "180+1"]
[EndTime "10:33:08 PDT"]
[Termination "bait_or_mate won on time"]

1. d4 d5 2. c4 e6 3. Nf3 Nf6 4.
g3 c6 5. Bg2 dxc4 6. O-O Nbd7 7. Qc2 b5 8. e4 Be7 9. Rd1 O-O 10. b3 cxb3 11. axb3 Bb7 12. Nc3 a5 13. Bf4 Qc8 14.
Rac1 c5 15. Nxb5 Bxe4 16. Qe2 h6 17. dxc5 Bxc5 18. Nd6 Bxf3 19. Bxf3 Qa6 20. Qa2 Nd5 21. Bxd5 exd5 22. Rxd5 Bb4 23. Nf5 Nf6 24. Qb2 Rfe8 25. Re5 Rxe5 26. Bxe5 Qe6 27. Bxf6 Qxf5 28. Bxg7 Ba3 29. Qxa3 Kxg7 30. Rc5 Qf3 31. Qb2+ Kg8 32. Rc3 Qd1+ 33. Kg2 Qd5+ 34. Rf3 Rc8 35. Qf6 Rc6 36.
Qf5 Rc5 37. Qxd5 Rxd5 38. Rc3 Kg7 39. h4 Rb5 40. Kf3 h5 41. Kf4 Kf6 42. Rc6+ Ke7 43.
Ra6 f6 44. Ke4 Kf7 45. Kf4 Kg6 46. Ra8 Rb4+ 47. Kf3 Rxb3+ 48. Kg2 Ra3 49. Ra6 Kf5 50. Ra8 Ra2 51. Rh8 Kg6 52. Rg8+ Kh7 53. Ra8 Ra3 54. Ra7+ Kg6 55. Ra8 a4 56. Ra7 Kf5 57. Ra5+ Ke4 58. Rxh5 f5 59. Rh8 Kd5 60. Ra8 Ke6 61. Ra7 Kf6 62. h5 Kg5 63. Ra5 Rc3 64. Rxa4 Kxh5 65. Rh4+ Kg5 66. Ra4 Rc2 67. Ra3 Kg4 68. Ra4+ Kg5 69.
Rf4 Ra2 70. Rf3 Rb2 71. Ra3 Kg4 72. Ra4+ Kg5 73. Rd4 Ra2 74. Rd3 Ra4 75. Kf3 Re4 76. Ra3 Rb4 77. Rc3 Ra4 78. Rc8 Ra3+ 79. Kg2 Kg4 80.
Rg8+ Kh5 81. Kh3 f4 82. Kg2 fxg3 83. fxg3 Ra2+ 84. Kh3 Ra3 85. Rh8+ Kg5 86. Rg8+ Kh6 87. Rb8 Kg6 88. Rb5 Ra4 89. g4 Kh6 90. Kh4 Kg6 91. Rb6+ Kg7 92. Kh5 Ra5+ 93. g5 Kh7 94. Rb7+ Kg8 95. Kh6 Ra2 96. Rb8+ Kf7 97. g6+ Kf6 98. Rb6+ Ke7 99. Kg7 Rf2 100. Rb1 Rf3 101. Re1+ Kd8 102. Kg8 Kd7 103. g7 Kd8 104. Re4 Kd7 105. Kh7 Rh3+ 106. Kg6 Rg3+ 107. Kf6 Rf3+ 108. Kg5 Rg3+ 109. Rg4 1-0

[Event "*** Titled Tuesday Blitz"]
[Site "Chess.com"]
[Date "2020.05.05"]
[Round "4"]
[White "AcsinteMatei"]
[Black "Juanovic"]
[Result "1-0"]
[WhiteElo "2406"]
[BlackElo "2172"]
[TimeControl "180+1"]
[EndTime "10:34:58 PDT"]
[Termination "AcsinteMatei won by resignation"]

1. d4 d5 2. Bf4 Nf6 3. e3 c6 4. Nd2 g6 5. Ngf3 Bg7 6. h4 h5 7. Bd3 Nbd7 8. Ne5 Nxe5 9. Bxe5 Qb6 10. b3 a5 11. c4 a4 12. bxa4 Rxa4 13. Qxa4 1-0

[Event "*** Titled Tuesday Blitz"]
[Site "Chess.com"]
[Date "2020.05.05"]
[Round "4"]
[White "aa175"]
[Black "suneebaker"]
[Result "1-0"]
[WhiteElo "2403"]
[BlackElo "2178"]
[TimeControl "180+1"]
[EndTime "10:35:12 PDT"]
[Termination "aa175 won by resignation"]

1. d4 Nf6 2. Bf4 e6 3. e3 d5 4.
Nf3 Bd6 5. Bg3 c5 6. Nbd2 Nc6 7. c3 O-O 8. Bd3 b6 9. e4 dxe4 10. Nxe4 Nxe4 11. Bxe4 Bb7 12. dxc5 Bxc5 13. Qa4 Qe8 14. Bxh7+ Kxh7 15. Qh4+ Kg6 16. Qg5+ Kh7 17. Qh5+ Kg8 18. Ng5 1-0

[Event "*** Titled Tuesday Blitz"]
[Site "Chess.com"]
[Date "2020.05.05"]
[Round "4"]
[White "kikydu96"]
[Black "Gurvich_Vitaly"]
[Result "1-0"]
[WhiteElo "2362"]
[BlackElo "2542"]
[TimeControl "180+1"]
[EndTime "10:35:18 PDT"]
[Termination "kikydu96 won by resignation"]

1. e4 c5 2. Nf3 Nc6 3. c3 Nf6 4. e5 Nd5 5. d4 cxd4 6. cxd4 d6 7. Bc4 e6 8. O-O Be7 9. Qe2 O-O 10. Nc3 Nxc3 11. bxc3 Qc7 12. Bd3 dxe5 13. dxe5 Rd8 14. Bf4 b6 15. h4 Bb7 16. Rad1 Na5 17. Ng5 Bxg5 18. Bxg5 Qxc3 19. Bxd8 Rxd8 20. Bxh7+ Kxh7 21. Qh5+ 1-0

[Event "*** Titled Tuesday Blitz"]
[Site "Chess.com"]
[Date "2020.05.05"]
[Round "4"]
[White "KarstenHansch"]
[Black "chessuriel"]
[Result "0-1"]
[WhiteElo "2399"]
[BlackElo "2221"]
[TimeControl "180+1"]
[EndTime "10:35:26 PDT"]
[Termination "chessuriel won by resignation"]

1. e4 c5 2. Nf3 e6 3. c3 d5 4.
exd5 Qxd5 5. d4 Nf6 6. Na3 cxd4 7.
cxd4 Bb4+ 8. Bd2 Bxd2+ 9. Qxd2 O-O 10. Be2 Nc6 11. O-O Rd8 12. Nb5 Qd7 13. Rfd1 a6 14. Nc3 b5 15. Ne5 Nxe5 0-1

[Event "*** Titled Tuesday Blitz"]
[Site "Chess.com"]
[Date "2020.05.05"]
[Round "4"]
[White "Xeniya2005"]
[Black "KoustavChatterjee1"]
[Result "0-1"]
[WhiteElo "2293"]
[BlackElo "2582"]
[TimeControl "180+1"]
[EndTime "10:35:27 PDT"]
[Termination "KoustavChatterjee1 won by resignation"]

1. e4 Nf6 2. e5 Nd5 3. d4 d6 4. c4 Nb6 5. exd6 cxd6 6. Nc3 g6 7. Be3 Bg7 8. Rc1 O-O 9. b3 Bf5 10. Be2 Nc6 11. h3 d5 12. c5 Nc8 13. Bf3 e5 14. dxe5 Nxe5 15. Bxd5 Nd3+ 16. Kf1 Nxc1 17. Qxc1 Bxc3 18. Qxc3 Qxd5 0-1

[Event "*** Titled Tuesday Blitz"]
[Site "Chess.com"]
[Date "2020.05.05"]
[Round "4"]
[White "queen_iryna"]
[Black "cholzan"]
[Result "1-0"]
[WhiteElo "2304"]
[BlackElo "2451"]
[TimeControl "180+1"]
[EndTime "10:35:32 PDT"]
[Termination "queen_iryna won by resignation"]

1. d4 e6 2. Nf3 f5 3. Nc3 Nf6 4. Bg5 Be7 5. Bxf6 Bxf6 6. e4 fxe4 7. Nxe4 O-O 8. Bd3 b6 9. c3 Bb7 10. Qc2 h6 11. h4 c5 12. Neg5 cxd4 13. Bh7+ Kh8 14.
Bg8 1-0

[Event "*** Titled Tuesday Blitz"]
[Site "Chess.com"]
[Date "2020.05.05"]
[Round "4"]
[White "CakeinSpace2002"]
[Black "lolo9292"]
[Result "0-1"]
[WhiteElo "2218"]
[BlackElo "2507"]
[TimeControl "180+1"]
[EndTime "10:36:00 PDT"]
[Termination "lolo9292 won by resignation"]

1. e4 e5 2. Nc3 Nc6 3. g3 Nf6 4. Bg2 Bc5 5. d3 d6 6. h3 h5 7. Bg5 Be6 8. Nge2 h4 9. Bxh4 Rxh4 10. gxh4 Nh5 11. Ng3 Nf4 12. Qf3 Qxh4 13. O-O-O Nd4 0-1

[Event "*** Titled Tuesday Blitz"]
[Site "Chess.com"]
[Date "2020.05.05"]
[Round "4"]
[White "top_bu_tz"]
[Black "GracefulYear"]
[Result "0-1"]
[WhiteElo "2218"]
[BlackElo "2430"]
[TimeControl "180+1"]
[EndTime "10:36:01 PDT"]
[Termination "GracefulYear won by resignation"]

1. e4 g6 2. d4 Bg7 3. Nc3 b6 4. Nf3 Bb7 5. Bc4 d6 6. O-O e6 7. Bg5 Ne7 8. e5 O-O 9. Re1 Nd7 10. exd6 cxd6 11. Bf4 d5 12. Bb3 Nf6 13. Ne5 Nf5 14. Qd2 Re8 15. Bh6 Bxh6 0-1

[Event "*** Titled Tuesday Blitz"]
[Site "Chess.com"]
[Date "2020.05.05"]
[Round "4"]
[White "FeketeBarika"]
[Black "Superfelix"]
[Result "0-1"]
[WhiteElo "2289"]
[BlackElo "2468"]
[TimeControl "180+1"]
[EndTime "10:36:17 PDT"]
[Termination "Superfelix won by resignation"]

1. Nf3 Nf6 2. g3 g6 3. Bg2 Bg7 4. O-O O-O 5. c4 d5 6. Nc3 Nc6 7. cxd5 Nxd5 8. d4 Nb6 9. e3 Re8 10. b3 e5 11. dxe5 Qxd1 12. Rxd1 Nxe5 13. Bb2 Bg4 14. Nxe5 Bxd1 15. Nd3 Bg4 16. Bxb7 Rad8 17. Nf4 Rd2 18. Rb1 Rxb2 19. Rxb2 Bxc3 20. Rc2 Be5 21. Nd5 Nxd5 22. Bxd5 Rd8 23. e4 Bf3 0-1